 Dungeon Crawl Stone Soup version 0.26.1-11-gd32895ea62 (webtiles) character file.

Game seed: 4316168281403248978

5714 growler the Zephyrmancer (level 10, -1/61 HPs)
             Began as a Tengu Air Elementalist on July 12, 2021.
             Was a High Priest of Vehumet.
             Killed by divine providence
             ... invoked by an orc priest
              (15 damage)
             ... on level 11 of the Dungeon on July 20, 2021.
             The game lasted 00:31:43 (12757 turns).

growler the Zephyrmancer (Tengu Air Elementalist)  Turns: 12757, Time: 00:31:43

Health: -1/61      AC:  3    Str: 16    XL:     10   Next: 76%
Magic:  6/18       EV: 23    Int: 30    God:    Vehumet [*****.]
Gold:   813        SH:  0    Dex: 22    Spells: 4/19 levels left

rFire    + . .     SeeInvis .   C - +8 fustibalus of the Smoking Moth {freeze, +Blink rPois Int+7}
rCold    + . .     Faith    .   (no shield)
rNeg     . . .     Spirit   .   K - +1 robe of the Special Ghosts {Str+8 Int+5 Slay+3}
rPois    +         Reflect  .   (helmet restricted)
rElec    .         Harm     .   L - scarf {rC+ rF+}
rCorr    .         Rampage  .   (no gloves)
Will     .....                  (boots unavailable)
Stlth    ++........             e - amulet of regeneration
HPRegen  0.60/turn              o - +6 ring of dexterity
MPRegen  0.16/turn              (no ring)

@: mighty, flying quickly and evasively, quick
A: beak, talons 3, able to fly
a: Stop Flying, Renounce Religion, Evoke Blink


You were on level 11 of the Dungeon.
You worshipped Vehumet.
Vehumet was extremely pleased with you.
You visited 1 branch of the dungeon, and saw 11 of its levels.
You also visited: Sewer.

You collected 813 gold pieces.

Inventory:

Hand Weapons
 j - a +1 dagger
   (You took it off a goblin on level 1 of the Dungeon)
 y - a +0 rapier
   (You found it in a sewer)
 C - the +8 fustibalus of the Smoking Moth (weapon) {freeze, +Blink rPois Int+7}
   (You found it in a sewer)

   It causes projectiles fired from it to freeze those they strike, causing
   extra injury to most foes and up to half again as much damage against
   particularly susceptible opponents.
   They can also slow down cold-blooded creatures.
   It affects your intelligence (+7).
   It protects you from poison.
   It lets you blink.
Missiles
 B - 76 sling bullets (quivered ammo)
 D - 262 stones
Armour
 a - a +1 robe
 s - a +0 cloak
   (You found it on level 4 of the Dungeon)
 K - the +1 robe of the Special Ghosts (worn) {Str+8 Int+5 Slay+3}
   (You found it on level 8 of the Dungeon)

   It affects your strength (+8).
   It affects your intelligence (+5).
   It affects your accuracy and damage with ranged weapons and melee attacks
   (+3).
 L - a scarf of resistance (worn)
   (You found it on level 9 of the Dungeon)
Jewellery
 e - an amulet of regeneration (around neck)
   (You found it on level 2 of the Dungeon)
 o - a +6 ring of dexterity (left hand)
   (You found it on level 3 of the Dungeon)
 x - the amulet of Amelioration {Inacc rPois rN+}
   (You found it on level 9 of the Dungeon)

   [amulet of inaccuracy]

   It reduces the accuracy of all your attacks.
   It protects you from poison.
   It protects you from negative energy.
Wands
 t - a wand of flame (21)
   (You found it on level 7 of the Dungeon)
 u - a wand of paralysis (15)
   (You found it on level 5 of the Dungeon)
 v - a wand of digging (5)
   (You found it on level 4 of the Dungeon)
Scrolls
 f - a scroll of enchant weapon
 g - 9 scrolls of teleportation {@r4}
 h - a scroll of fog {unknown}
 i - 5 scrolls of immolation {!r}
 n - a scroll of blinking
 p - 2 scrolls of remove curse {@r2}
 A - 3 scrolls of noise {unknown}
 E - a scroll of summoning {unknown}
 F - 4 scrolls of enchant armour
 G - a scroll of magic mapping
 H - a scroll of vulnerability {unknown}
 I - 2 scrolls of identify {@r1}
Potions
 b - 4 potions of heal wounds {@q2}
 c - 7 potions of curing {@q1}
 d - 2 potions of degeneration {!q}
 k - 2 potions of cancellation
 l - 6 potions of flight
 m - 2 potions of mutation {!q}
 q - 3 potions of haste {@q3}
 r - a potion of magic
 w - a potion of might
 z - a potion of brilliance
 J - a potion of attraction {!q}


   Skills:
 + Level 6.9 Fighting
 + Level 8.1 Dodging
 - Level 2.0 Stealth
 - Level 5.0 Spellcasting
 - Level 9.0 Conjurations
 + Level 11.9 Air Magic


You had 4 spell levels left.
You knew the following spells:

 Your Spells              Type           Power        Failure   Level
a - Shock                 Conj/Air       100%         1%          1
b - Airstrike             Air            34%          1%          4
c - Lightning Bolt        Conj/Air       31%          1%          5
d - Static Discharge      Conj/Air       63%          1%          3
s - Swiftness             Air            68%          1%          2

Your spell library contained the following spells:

 Spells                   Type           Power        Failure   Level
 Sticky Flame             Conj/Fire      34%          2%          4
 Animate Skeleton         Necr           14%          6%          1
 Apportation              Tloc           14%          6%          1
 Corona                   Hex            7%           6%          1
 Summon Small Mammal      Summ           28%          6%          1


Dungeon Overview and Level Annotations

Branches:
Dungeon (12/15)            Temple (0/1) D:4             Orc (0/2) D:11
  Sewer (visited)
   Lair: D:8-11

Altars:
Ashenzari
Kikubaaqudgha
Makhleb
Okawaru
Qazlal
Vehumet
Xom
Yredelemnul
The Shining One

Shops:
D:5 ?


Innate Abilities, Weirdness & Mutations

You have a beak for a mouth.
You have claws for feet.
You can fly continuously.


Message History

You see here a stone.
An orc comes into view. It is wielding a +0 club.
The orc shouts!
The adder bites you but does no damage.
The orc throws a boomerang.
The boomerang hits you!
* * * LOW HITPOINT WARNING * * *
The weapon returns to the orc!
Your surroundings suddenly seem different.
An orc comes into view. It is wielding a +0 short sword.
The orc shouts!
An orc priest comes into view. It is wielding a -1 falchion.
The orc priest shouts!
An orc wizard comes into view. It is wielding a +0 dagger.
The orc wizard shouts!
An orc warrior comes into view. It is wielding a +0 halberd.
The orc warrior shouts!
A centaur comes into view.
The centaur shouts!
You hear a shout!
An orc priest comes into view. It is wielding a +0 short sword.
The orc priest shouts!
You hear a shout!
A centaur comes into view. x4
The orc picks up a potion of degeneration.
The orc priest misses you. The orc misses you.
The orc picks up a potion of degeneration.
The orc warrior hits you from afar with a +0 halberd.
* * * LOW HITPOINT WARNING * * *
The orc moves out of view.
The centaur moves out of view.
The centaur shouts! x2
An orc comes into view. It is wielding a +0 mace.
The orc shouts!
Found four items.
Found a staircase to the Orcish Mines. 2 orcs come into view.
An orc is wielding a +0 dagger and quivering 3 silver boomerangs.
It was a potion of might.
You feel very mighty all of a sudden.
You hear a shout!
The centaur wields a +2 shortbow of freezing.
It is covered in frost.
The centaur shoots an arrow.
The arrow closely misses you.
The arrow hits the orc!
The arrow freezes the orc.
The orc dies!
The centaur wields a +0 shortbow.
The centaur shoots an arrow.
The arrow misses you.
An orc comes into view. It is wielding a +0 short sword. x2
The orc hits you with a +0 dagger.
* * * LOW HITPOINT WARNING * * *
An orc comes into view.
The orc priest mumbles some strange prayers to Beogh against you.
Beogh smites you!
You die...

.## .. . #
##.## ....#
###############
##..#
.....cc........
# ##
.[.ocoo...(....
# #@....$.. #
o..>.c.o$......
#
....o.....o....
.
o...o.........o
.
.......$.(../..
###############


You could see an orc warrior, 4 centaurs, 2 orc priests, an orc wizard and 6
orcs.

Vanquished Creatures
  A two-headed ogre (D:8)
  A troll (D:9)
  Prince Ribbit (D:5)
  A hornet (D:9)
  Sigmund (D:3)
  2 sky beasts
  2 orc warriors (D:9)
  2 ice beasts
  A black bear (D:8)
  6 ogres
  2 necrophages
  A centaur (D:9)
  Blork the orc (D:4)
  3 bullfrogs (D:6)
  A wyvern zombie (D:5)
  A water moccasin zombie (D:8)
  4 scorpions
  10 killer bees
  A howler monkey (D:8)
  6 electric eels (D:5)
  2 jellies (D:6)
  2 gnoll shamans
  2 centaur skeletons
  5 orc priests
  A bullfrog skeleton (D:6)
  7 hounds
  13 orc wizards
  3 iguanas
  2 merfolk sirens (Sewer)
  2 worker ants
  A merfolk avatar (Sewer)
  A hound zombie (D:8)
  A hound skeleton (D:9)
  13 gnolls
  15 adders
  2 river rats
  2 shadow imps
  An ufetubus (D:6)
  2 adder zombies
  An ooze (D:6)
  2 adder skeletons
  6 worms
  2 dart slugs
  10 leopard geckos
  28 orcs
  7 giant cockroaches
  8 goblins
  9 hobgoblins
  12 jackals
  6 quokkas
  9 ball pythons
  5 bats
  9 frilled lizards
  8 kobolds
  2 leopard gecko skeletons
  38 rats
287 creatures vanquished.

Vanquished Creatures (others)
  An orc (D:11)
  A giant cockroach (D:3)
  23 plants
25 creatures vanquished.

Grand Total: 312 creatures vanquished

Notes
Turn   | Place    | Note
-------+----------+-------------------------------------------
     0 | D:1      | growler the Tengu Air Elementalist began the quest for the
                  | Orb.
     0 | D:1      | Reached XP level 1. HP: 10/10 MP: 4/4
   212 | D:1      | Reached XP level 2. HP: 15/15 MP: 4/6
   215 | D:1      | Learned a level 2 spell: Swiftness
   890 | D:2      | Reached XP level 3. HP: 16/19 MP: 7/7
  1214 | D:2      | Learned a level 3 spell: Static Discharge
  1338 | D:2      | Reached XP level 4. HP: 24/24 MP: 4/9
  1442 | D:2      | Reached skill level 5 in Air Magic
  1562 | D:2      | Noticed an ogre
  1583 | D:2      | Killed an ogre
  1584 | D:2      | Gained mutation: You can fly continuously. [Tengu growth]
  1584 | D:2      | Reached XP level 5. HP: 9/28 MP: 3/10
  1768 | D:2      | Found a shimmering altar of Xom.
  1769 | D:2      | Found an ancient bone altar of Kikubaaqudgha.
  1778 | D:2      | Found a stormy altar of Qazlal.
  1778 | D:2      | Found a radiant altar of Vehumet.
  1895 | D:2      | Found a burning altar of Makhleb.
  1896 | D:2      | Found an iron altar of Okawaru.
  1905 | D:2      | Became a worshipper of Vehumet
  2326 | D:2      | Learned a level 4 spell: Airstrike
  2626 | D:3      | Reached XP level 6. HP: 32/32 MP: 12/12
  2655 | D:3      | Reached * piety under Vehumet
  2655 | D:3      | Offered knowledge of Freeze by Vehumet.
  2723 | D:3      | Found a glowing golden altar of the Shining One.
  2723 | D:3      | Noticed Sigmund
  2742 | D:3      | Killed Sigmund
  2743 | D:3      | Reached skill level 5 in Conjurations
  2743 | D:3      | Reached skill level 6 in Air Magic
  2823 | D:3      | Found a broken altar of Ashenzari.
  2978 | D:3      | Found a basalt altar of Yredelemnul.
  2981 | D:3      | Noticed a profane servitor
  3500 | D:4      | Noticed Blork the orc
  3505 | D:4      | Killed Blork the orc
  3506 | D:4      | Reached XP level 7. HP: 26/36 MP: 0/14
  3615 | D:4      | Found a staircase to the Ecumenical Temple.
  3690 | D:4      | Found a glowing drain.
  3752 | Sewer    | Entered a sewer
  3810 | Sewer    | Reached skill level 7 in Air Magic
  3913 | Sewer    | Reached ** piety under Vehumet
  3913 | Sewer    | Offered knowledge of Foxfire by Vehumet.
  4138 | Sewer    | Offered knowledge of Dazzling Flash by Vehumet.
  4210 | Sewer    | Got a smoking fustibalus
  4314 | Sewer    | Identified the +8 fustibalus of the Smoking Moth {freeze,
                  | +Blink rPois Int+7} (You found it in a sewer)
  4657 | D:4      | Reached *** piety under Vehumet
  4940 | D:4      | Reached XP level 8. HP: 41/41 MP: 9/16
  5007 | D:4      | Found a basalt altar of Yredelemnul.
  5019 | D:4      | Reached skill level 5 in Spellcasting
  5145 | D:4      | Learned a level 5 spell: Lightning Bolt
  5146 | D:5      | Entered Level 5 of the Dungeon
  5220 | D:5      | Reached skill level 8 in Air Magic
  5333 | D:5      | Noticed Prince Ribbit
  5336 | D:5      | Killed Prince Ribbit
  5337 | D:5      | Reached skill level 1 in Fighting
  6138 | D:5      | Found Xeicas's Magic Scroll Shoppe.
  6494 | D:5      | Reached skill level 9 in Air Magic
  6496 | D:5      | Reached XP level 9. HP: 29/50 MP: 2/17
  7776 | D:6      | Offered knowledge of Ignite Poison by Vehumet.
  8183 | D:6      | Reached skill level 5 in Dodging
  8764 | D:7      | Reached **** piety under Vehumet
  9306 | D:7      | Offered knowledge of Sticky Flame by Vehumet.
  9557 | D:8      | Reached skill level 10 in Air Magic
  9678 | D:8      | Got a smoking robe
  9716 | D:8      | Identified the cursed +1 robe of the Special Ghosts {Str+8
                  | Int+5 Slay+3} (You found it on level 8 of the Dungeon)
  9962 | D:8      | Reached skill level 5 in Fighting
 10163 | D:8      | Noticed a two-headed ogre
 10307 | D:8      | Killed a two-headed ogre
 10308 | D:8      | Reached skill level 11 in Air Magic
 10308 | D:8      | Reached XP level 10. HP: 60/60 MP: 4/18
 11954 | D:9      | Got a pitted crystal amulet
 11972 | D:9      | Identified the amulet of Amelioration {Inacc rPois rN+}
                  | (You found it on level 9 of the Dungeon)
 12296 | D:9      | Reached ***** piety under Vehumet
 12469 | D:9      | You are sucked into a shaft and drop 3 floors!
 12753 | D:11     | Noticed a cyclops
 12756 | D:11     | Found a staircase to the Orcish Mines.
 12757 | D:11     | Killed from afar by an orc priest

Illustrated notes

Levels and vault maps discovered:
D:1:      minmay_arrival_arboretum_small, layout_rooms
D:2:      layout_loops_corners, grunt_temple_overflow_open, st_stairs_7
D:3:      layout_loops_ring, grunt_temple_overflow_holy_war,
          ashenzari_conservatory_becter, uniq_sigmund
D:4:      layout_cave_pools, temple_statues, portal_sewer_entry_e,
          amcnicky_altar_gilded, uniq_blork_the_orc
D:5:      cheibrodos_two_vegetables, layout_basic, serial_shops,
          kennysheep_mini, uniq_prince_ribbit1
D:6:      layout_cave_pools
D:7:      layout_basic
D:8:      layout_loops_ring
D:9:      layout_irregular_city
D:11:     layout_loops_ring, minmay_lair_entry_grove, erik_orc_1
D:12:     minmay_the_grid_triangle_9x9_recursive_2_mashed
          [minmay_the_grid_triangle_9x9_prize_top_heavy,
          minmay_the_grid_triangle_9x9_descending_squares,
          minmay_the_grid_triangle_9x9_shrine,
          minmay_the_grid_triangle_9x9_alien], layout_small_grid, serial_bayou,
          serial_bayou_pond_d, serial_bayou_shore_b, serial_bayou_shore_a,
          serial_bayou_crossing

Skill      XL: |  1  2  3  4  5  6  7  8  9 10 |
---------------+-------------------------------+-----
Conjurations   | 2 3 4 5 6 8 9 |  9.0
Air Magic      | 5 6 7 9 11 | 11.9
Spellcasting   | 3 4 5 |  5.0
Fighting       | 3 5 6 |  6.9
Dodging        | 4 6 8 |  8.1
Stealth        | |  2.0

Action                   |  1- 3 |  4- 6 |  7- 9 | 10-12 || total
-------------------------+-------+-------+-------+-------++-------
Melee: Unarmed           |     1 |       |       |       ||     1
       Dagger            |    17 |     4 |    23 |       ||    44
       Kick              |     3 |     3 |    10 |       ||    16
       Peck              |     1 |       |     3 |       ||     4
 Fire: Fustibalus        |       |       |    14 |    16 ||    30
 Cast: Shock             |    50 |   102 |    99 |     6 ||   257
       Static Discharge  |       |     4 |    11 |     2 ||    17
       Airstrike         |       |     3 |   110 |    76 ||   189
       Lightning Bolt    |       |       |       |     1 ||     1
 Abil: Fly               |       |     1 |       |       ||     1
  Use: Scroll            |     7 |     5 |     8 |     1 ||    21
       Potion            |       |       |       |     1 ||     1
 Stab: Sleeping          |     1 |       |     1 |       ||     2
Armor: Robe              |     6 |     3 |     6 |     4 ||    19
Dodge: Dodged            |    15 |     8 |    35 |    34 ||    92
